Map: Blackpink LE

Players

Dayshi

  • Race: Terran Terran
  • Spawn Location: 7:00

Zest - Winner!

  • Race: Protoss Protoss
  • Spawn Location: 1:00

Event: IEM Season 12 - Katowice

VOD

Have the link to the VOD?

Description

Time

  • Played on: Feb. 27, 2018, 4:12 a.m.
  • Length: 10:17

All games in this series

Show
View Real Time Build Order
Export as new Build Order

Dayshi Terran 

Build Orders: Gas First Reaper Expand, Liberator Opening, Reaper Expand, MMM Bio 

Get SALT Encoding   

  12  0:00  SCV  
  13  0:12  SCV  
  14  0:17  Supply Depot  
  14  0:24  SCV  
  15  0:32  Refinery  
  15  0:38  SCV  
  16  0:44  Barracks  
  16  0:51  SCV  
  17  1:03  SCV  
  18  1:15  SCV  
  19  1:32  Reaper, Orbital Command  
  20  1:43  Command Center  
  20  1:56  Factory  
  20  1:58  SCV  
  21  2:04  Refinery  
  21  2:10  Barracks Reactor  
  21  2:11  SCV  
  21  2:15  Supply Depot  
  22  2:23  SCV  
  23  2:36  SCV  
  23  2:40  Starport  
  23  2:42  Widow Mine  
  25  2:47  Marine x2  
  25  2:49  SCV  
  28  2:55  Orbital Command  
  28  3:01  SCV  
  28  3:04  Widow Mine, Marine  
  32  3:06  Marine  
  32  3:12  Supply Depot  
  32  3:21  Medivac  
  32  3:23  SCV x2  
  34  3:28  Factory Tech Lab  
  34  3:34  Marine  
  34  3:35  SCV x2, Marine  
  38  3:43  Liberator  
  38  3:46  Siege Tank  
  38  3:47  SCV x2  
  43  3:52  Marine x2  
  45  4:02  SCV  
  49  4:03  SCV  
  49  4:06  Supply Depot  
  50  4:10  Marine x2  
  50  4:15  SCV x2  
  54  4:27  SCV  
  54  4:28  SCV  
  56  4:32  Factory Tech Lab, Barracks  
  56  4:33  Engineering Bay  
  56  4:34  Barracks  
  56  4:40  SCV x2  
  56  4:42  Marine  
  56  4:43  Supply Depot  
  58  4:52  SCV x2  
  59  4:58  Bunker  
  58  5:00  Marine  
  58  5:01  Starport Reactor  
  58  5:02  Terran Infantry Weapons Level 1  
  58  5:04  SCV x2, Refinery  
  58  5:06  Refinery  
  61  5:07  Factory Reactor  
  61  5:08  Supply Depot  
  57  5:16  SCV x2  
  57  5:18  Marine  
  57  5:20  Missile Turret  
  57  5:22  Marine x2  
  57  5:25  Stimpack  
  57  5:27  Missile Turret  
  57  5:28  SCV x2  
  61  5:39  Marine  
  61  5:40  Command Center  
  61  5:41  Marine  
  61  5:42  Marine  
  61  5:49  Medivac x2  
  65  5:51  Widow Mine  
  65  5:53  SCV  
  65  5:55  SCV  
  65  5:57  Widow Mine  
  71  6:01  Marine x3  
  71  6:02  Marine  
  75  6:06  Supply Depot  
  75  6:08  Liberator  
  75  6:10  Supply Depot  
  75  6:11  Combat Shields  
  75  6:13  Widow Mine, Liberator  
  75  6:18  Widow Mine  
  79  6:22  Marine x2  
  79  6:23  Marine x2  
  87  6:36  Widow Mine  
  87  6:39  Widow Mine, Marine  
  91  6:40  Marine  
  91  6:41  SCV, Marine x2  
  91  6:42  SCV  
  97  6:59  Terran Infantry Armor Level 1, Marine x4  
  97  7:00  Orbital Command  
  101  7:01  Barracks  
  101  7:04  Barracks  
  101  7:06  Widow Mine  
  105  7:08  Widow Mine  
  105  7:14  SCV x2  
  107  7:17  Marine  
  107  7:21  Marine  
  107  7:22  Marine x2  
  109  7:23  Orbital Command  
  109  7:27  SCV x2  
  108  7:34  Widow Mine  
  108  7:35  Marine  
  108  7:36  Widow Mine  
  105  7:39  SCV, Marine x2  
  105  7:40  Marine  
  109  7:47  Medivac x2  
  113  7:52  Marine  
  113  7:57  Marine x2  
  115  7:59  Marine  
  115  8:00  Marine  
  117  8:05  Marine  
  117  8:06  SCV x3  
  117  8:09  Missile Turret  
  117  8:10  Supply Depot, Marine  
  121  8:12  Supply Depot  
  121  8:14  Supply Depot x2  
  121  8:18  SCV x3  
  121  8:19  Marine  
  113  8:20  Marine  
  113  8:26  Barracks Reactor  
  116  8:27  Barracks Tech Lab  
  116  8:30  SCV  
  103  8:45  Marine  
  103  8:46  Marine x2  
  103  8:48  Marauder x2  
  96  8:49  Armory  
  96  8:50  SCV  
  96  8:51  SCV x2, Engineering Bay  
  98  9:01  Widow Mine x2  
  102  9:03  SCV x2  
  102  9:04  Marauder  
  102  9:09  Marine x3  
  109  9:10  Marauder  
  109  9:11  Marauder  
  111  9:18  Medivac x2  
  111  9:22  Widow Mine x2, Bunker  
  107  9:25  Marine  
  107  9:26  Marine, Marauder  
  107  9:30  SCV x3  
  107  9:31  Marine x2  
  107  9:32  Marauder x2  
  113  9:42  SCV  
  113  9:43  Widow Mine  
  113  9:44  Widow Mine  
  111  9:47  Marauder  
  101  9:58  Marine x4  
Show
View Real Time Build Order
Export as new Build Order

Zest Protoss - Winner!

Build Orders: 1 Gate Expand, Oracle Opening, Phoenix Opening 

Get SALT Encoding   

  12  0:00  Probe  
  13  0:12  Probe  
  14  0:20  Pylon  
  14  0:25  Probe  
  15  0:38  Probe (Chrono Boost)  
  15  0:41  Gateway  
  16  0:47  Probe (Chrono Boost), Assimilator  
  17  0:52  Probe (Chrono Boost)  
  18  1:04  Probe  
  19  1:16  Probe  
  20  1:25  Nexus  
  20  1:33  Cybernetics Core  
  20  1:37  Probe  
  21  1:43  Assimilator  
  21  1:49  Probe  
  21  1:52  Pylon  
  22  2:02  Probe  
  23  2:08  Adept (Chrono Boost)  
  23  2:14  Probe  
  26  2:18  Stargate  
  26  2:22  Warp Gate  
  26  2:26  Probe  
  26  2:27  Adept (Chrono Boost)  
  29  2:37  Probe  
  29  2:38  Probe  
  31  2:49  Probe  
  31  2:50  Probe  
  33  2:58  Oracle (Chrono Boost)  
  33  3:01  Probe  
  33  3:02  Probe  
  36  3:14  Probe x2  
  38  3:26  Probe x2  
  40  3:28  Phoenix (Chrono Boost)  
  40  3:35  Gateway  
  40  3:38  Probe x2, Gateway  
  42  3:47  Pylon  
  42  3:50  Probe x2  
  42  3:51  Phoenix (Chrono Boost)  
  46  4:03  Pylon  
  46  4:05  Probe x2  
  46  4:06  Assimilator  
  46  4:07  Phoenix (Chrono Boost)  
  50  4:17  Probe  
  50  4:18  Nexus  
  50  4:20  Pylon  
  51  4:28  Oracle (Chrono Boost)  
  54  4:35  Adept x3  
  60  4:55  Phoenix (Chrono Boost)  
  60  4:56  Adept x3  
  60  4:59  Pylon  
  68  5:01  Pylon  
  68  5:03  Pylon  
  68  5:11  Probe  
  68  5:18  Phoenix  
  70  5:26  Twilight Council  
  69  5:34  Probe x2  
  71  5:39  Probe  
  70  5:46  Probe x2, Adept x3  
  78  5:54  Probe  
  79  5:58  Probe x2  
  79  5:59  Forge  
  79  6:00  Pylon  
  81  6:04  Charge (Chrono Boost)  
  81  6:06  Probe, Phoenix (Chrono Boost)  
  81  6:10  Probe x2  
  86  6:18  Probe  
  87  6:19  Gateway  
  87  6:20  Gateway  
  87  6:23  Gateway  
  87  6:24  Phoenix  
  87  6:25  Gateway  
  87  6:28  Protoss Air Weapons Level 1 (Chrono Boost)  
  87  6:32  Probe x2  
  91  6:33  Probe  
  91  6:35  Protoss Ground Armor Level 1 (Chrono Boost)  
  91  6:39  Assimilator  
  92  6:41  Assimilator  
  92  6:42  Pylon  
  92  6:46  Pylon  
  92  6:53  Phoenix (Chrono Boost)  
  92  6:56  Gateway  
  92  6:58  Probe x3, Pylon  
  97  7:06  Zealot x2, Sentry  
  97  7:08  Pylon  
  103  7:10  Probe x2  
  103  7:12  Pylon  
  105  7:16  Phoenix  
  107  7:33  Zealot x4  
  115  7:39  Pylon  
  115  7:42  Zealot x2  
  113  7:45  Robotics Facility  
  113  7:47  Gateway  
  113  7:54  Phoenix  
  115  8:01  Zealot  
  115  8:02  Zealot x6  
  128  8:29  Zealot x6  
  128  8:49  Phoenix (Chrono Boost)  
  128  8:53  Zealot x5  
  128  8:54  Zealot x3  
  146  8:57  Templar Archives, Observer (Chrono Boost)  
  146  8:58  Probe  
  146  8:59  Probe  
  149  9:05  Phoenix (Chrono Boost)  
  151  9:12  Pylon  
  151  9:13  Pylon  
  137  9:29  Zealot x6  
  137  9:30  Zealot x3  
  143  9:35  Phoenix  
  133  9:58  High Templar x8  
  133  9:59  Zealot  
  143  10:01  Nexus  
  143  10:05  Archon x2  
  143  10:06  Pylon, Archon  
  139  10:07  Archon  

Tags
 
Add a new tag
Caveats
  • Supply blocks, unpowered buildings, or Contaminate may cause inaccurate times.
  • Supply counts are checked every 10 seconds.